| TOP OF THE 1ST |
|
Americus Braves batting - Pitching for Joplin Blasters : LHP Ben Mills
|
|
Pitching: LHP Ben Mills
|
|
|
Batting: RHB Carlos Livas
|
0-0: Ball 1-0: Called Strike 1-1: Ball 2-1: Called Strike 2-2: Foul Ball, location: 2F 2-2: Strikes out looking
|
|
Batting: RHB Costantino Dolfini
|
0-0: Ball 1-0: Ball 2-0: Ball 3-0: Called Strike 3-1: Foul Ball, location: 2F 3-2: Base on Balls
|
|
Batting: SHB Karl Starnes
|
0-0: Ball 1-0: Ball 2-0: Ball 3-0: Called Strike 3-1: Called Strike 3-2: TRIPLE (Line Drive, 78XD, EV 100.6 MPH) Costantino Dolfini scores
|
|
Pitching: RHP Omar Flores
|
|
|
Batting: RHB Jeremy Harden
|
0-0: Ball 1-0: Foul Ball, location: 2F 1-1: 2-RUN HOME RUN (Flyball, 9D, EV 97.5 MPH), Distance : 390 ft
|
|
Batting: RHB Manny Hensley
|
0-0: Swinging Strike 0-1: Ball 1-1: Called Strike 1-2: Ball 2-2: Foul Ball, location: 2F 2-2: Ball 3-2: Base on Balls
|
|
Batting: RHB Yutaka Yamane
|
0-0: Swinging Strike 0-1: Grounds into double play, 4-6-3 (Groundball, 4, EV 96.9 MPH)
|
| Top of the 1st over - 3 runs, 2 hits, 0 errors, 0 left on base; Americus 3 - Joplin 0 |
| BOTTOM OF THE 1ST |
|
Joplin Blasters batting - Pitching for Americus Braves : RHP Narciso Umbelino
|
|
Pitching: RHP Narciso Umbelino
|
|
|
Batting: RHB Mike Bearden
|
0-0: Called Strike 0-1: Swinging Strike 0-2: Strikes out looking
|
|
Batting: SHB Bill Ertl
|
0-0: Swinging Strike 0-1: Ball 1-1: Ball 2-1: Fly out, F8 (Flyball, 8LD, EV 91.9 MPH)
|
|
Batting: LHB Pablo Serrato
|
0-0: Fly out, F7 (Flyball, 7D, EV 86.2 MPH)
|
| Bottom of the 1st over - 0 runs, 0 hits, 0 errors, 0 left on base; Americus 3 - Joplin 0 |
| TOP OF THE 2ND |
|
Americus Braves batting - Pitching for Joplin Blasters : RHP Omar Flores
|
|
Batting: LHB Diego Garcia
|
0-0: Ball 1-0: Foul Ball, location: 2F 1-1: Ball 2-1: Swinging Strike 2-2: Foul Ball, location: 2F 2-2: Ball 3-2: Fly out, F8 (Flyball, 78D, EV 100.0 MPH)
|
|
Pitching: RHP Joey Ferguson
|
|
|
Batting: LHB Ivan Castillo
|
0-0: Called Strike 0-1: Ball 1-1: Ground out 6-3 (Groundball, 56, EV 103.1 MPH)
|
|
Batting: RHB Paul Holland
|
0-0: Called Strike 0-1: Called Strike 0-2: Strikes out swinging
|
| Top of the 2nd over - 0 runs, 0 hits, 0 errors, 0 left on base; Americus 3 - Joplin 0 |
| BOTTOM OF THE 2ND |
|
Joplin Blasters batting - Pitching for Americus Braves : RHP Narciso Umbelino
|
|
Batting: RHB Junro Kato
|
0-0: Foul Ball, location: 2F 0-1: Fly out, F8 (Flyball, 8RD, EV 76.2 MPH)
|
|
Batting: RHB Ian Hornsby
|
0-0: Ball 1-0: Ground out 6-3 (Groundball, 6, EV 82.5 MPH)
|
|
Batting: RHB Jason Conner
|
0-0: Called Strike 0-1: Foul Ball, location: 2F 0-2: Strikes out looking
|
| Bottom of the 2nd over - 0 runs, 0 hits, 0 errors, 0 left on base; Americus 3 - Joplin 0 |
| TOP OF THE 3RD |
|
Americus Braves batting - Pitching for Joplin Blasters : RHP Joey Ferguson
|
|
Batting: RHB Carlos Livas
|
0-0: Ball 1-0: Ball 2-0: SINGLE (Flyball, 8RS, EV 93.1 MPH)
|
|
Batting: RHB Costantino Dolfini
|
0-0: SINGLE (Line Drive, 8RS, EV 94.4 MPH) Carlos Livas to second
|
|
Batting: SHB Karl Starnes
|
0-0: Called Strike 0-1: Ball 1-1: Foul Ball, location: 2F 1-2: SINGLE (Flyball, 7, EV 76.2 MPH) Carlos Livas to third Costantino Dolfini to second
|
|
Batting: RHB Jeremy Harden
|
0-0: Ball 1-0: Ball 2-0: Called Strike 2-1: Ball 3-1: Base on Balls Carlos Livas scores Costantino Dolfini to third Karl Starnes to second
|
|
Pitching: RHP Oscar Cisneros
|
|
|
Batting: RHB Manny Hensley
|
0-0: Called Strike 0-1: Foul Ball, location: 2F 0-2: Ball 1-2: Ball 2-2: Ball 3-2: Base on Balls Costantino Dolfini scores Karl Starnes to third Jeremy Harden to second
|
|
Batting: RHB Yutaka Yamane
|
0-0: Ball 1-0: Called Strike 1-1: Swinging Strike 1-2: Strikes out swinging
|
|
Batting: LHB Diego Garcia
|
0-0: Ball 1-0: SINGLE (Flyball, 9LS, EV 100.6 MPH) Karl Starnes scores Jeremy Harden to third Manny Hensley to second Runner from 3rd tries for Home, throw by RF and OUT! 9-2
|
|
Batting: LHB Ivan Castillo
|
0-0: Ball 1-0: 3-RUN HOME RUN (Flyball, 9D, EV 99.4 MPH), Distance : 385 ft
|
|
Batting: RHB Paul Holland
|
0-0: Foul Ball, location: 2F 0-1: Ball 1-1: Ball 2-1: DOUBLE (Line Drive, 5D, EV 98.8 MPH)
|
|
Pitching: LHP Bin Ya
|
|
|
Batting: RHB Carlos Livas
|
0-0: Called Strike 0-1: Ball 1-1: Ground out 4-3 (Groundball, 13, EV 86.2 MPH)
|
| Top of the 3rd over - 6 runs, 6 hits, 0 errors, 1 left on base; Americus 9 - Joplin 0 |
| BOTTOM OF THE 3RD |
|
Joplin Blasters batting - Pitching for Americus Braves : RHP Narciso Umbelino
|
|
Batting: RHB Victor Maravilla
|
0-0: Foul Ball, location: 2F 0-1: Swinging Strike 0-2: Strikes out swinging
|
|
Batting: RHB Bobby Leon
|
0-0: Called Strike 0-1: Ball 1-1: Foul Ball, location: 2F 1-2: Foul Ball, location: 2F 1-2: Foul Ball, location: 2F 1-2: Strikes out looking
|
|
Batting: RHB Carlos Castillo
|
0-0: Ball 1-0: Called Strike 1-1: Swinging Strike 1-2: Strikes out swinging
|
| Bottom of the 3rd over - 0 runs, 0 hits, 0 errors, 0 left on base; Americus 9 - Joplin 0 |
| TOP OF THE 4TH |
|
Americus Braves batting - Pitching for Joplin Blasters : LHP Bin Ya
|
|
Batting: RHB Costantino Dolfini
|
0-0: Ball 1-0: Ball 2-0: Called Strike 2-1: Ground out 5-3 (Groundball, 56S, EV 81.9 MPH)
|
|
Batting: SHB Karl Starnes
|
0-0: Ball 1-0: SOLO HOME RUN (Flyball, 89XD, EV 102.5 MPH), Distance : 429 ft
|
|
Batting: RHB Jeremy Harden
|
0-0: Swinging Strike 0-1: Ball 1-1: Foul Ball, location: 2F 1-2: Ball 2-2: Ball 3-2: Base on Balls
|
|
Batting: RHB Manny Hensley
|
0-0: Ball 1-0: Swinging Strike 1-1: Ball 2-1: Ball 3-1: Base on Balls Jeremy Harden to second
|
|
Pitching: LHP Tristan Irwin
|
|
|
Batting: RHB Yutaka Yamane
|
0-0: Called Strike 0-1: Swinging Strike 0-2: Ball 1-2: Strikes out looking
|
|
Batting: LHB Diego Garcia
|
0-0: Ball 1-0: Ball 2-0: Foul Ball, location: 2F 2-1: Ball 3-1: SINGLE (Line Drive, 9S, EV 111.2 MPH) Jeremy Harden to third Manny Hensley to second
|
|
Batting: LHB Ivan Castillo
|
0-0: Ball 1-0: Foul Ball, location: 2F 1-1: Ball 2-1: Ball 3-1: Base on Balls Jeremy Harden scores Manny Hensley to third Diego Garcia to second
|
|
Batting: RHB Paul Holland
|
0-0: Ball 1-0: Fly out, F7 (Flyball, 78M, EV 90.0 MPH)
|
| Top of the 4th over - 2 runs, 2 hits, 0 errors, 3 left on base; Americus 11 - Joplin 0 |
| BOTTOM OF THE 4TH |
|
Joplin Blasters batting - Pitching for Americus Braves : RHP Narciso Umbelino
|
|
Batting: RHB Mike Bearden
|
0-0: Fly out, F4 (Popup, 4M, EV 70.0 MPH)
|
|
Batting: SHB Bill Ertl
|
0-0: Ball 1-0: Called Strike 1-1: Ball 2-1: Ball 3-1: Base on Balls
|
|
Batting: LHB Pablo Serrato
|
0-0: Ball 1-0: Ball 2-0: Foul Ball, location: 2F 2-1: Swinging Strike 2-2: Grounds into double play, 4-6-3 (Groundball, 4, EV 83.1 MPH)
|
| Bottom of the 4th over - 0 runs, 0 hits, 0 errors, 0 left on base; Americus 11 - Joplin 0 |
| TOP OF THE 5TH |
|
Americus Braves batting - Pitching for Joplin Blasters : LHP Tristan Irwin
|
|
Batting: RHB Carlos Livas
|
0-0: Called Strike 0-1: Swinging Strike 0-2: Ball 1-2: Ball 2-2: Ball 3-2: Base on Balls
|
|
Batting: RHB Costantino Dolfini
|
0-0: Ball 1-0: Foul Ball, location: 2F 1-1: Ball 2-1: Fly out, F7 (Flyball, 7LMF, EV 99.4 MPH)
|
|
Batting: SHB Karl Starnes
|
0-0: Called Strike 0-1: Called Strike 0-2: Ball Wild Pitch! Carlos Livas to second 1-2: Foul Ball, location: 2F 1-2: Ball 2-2: Strikes out swinging
|
|
Batting: RHB Jeremy Harden
|
0-0: Ball 1-0: Called Strike 1-1: Ball 2-1: Ball 3-1: Swinging Strike 3-2: Foul Ball, location: 2F 3-2: Foul Ball, location: 2F 3-2: Strikes out swinging
|
| Top of the 5th over - 0 runs, 0 hits, 0 errors, 1 left on base; Americus 11 - Joplin 0 |
| BOTTOM OF THE 5TH |
|
Joplin Blasters batting - Pitching for Americus Braves : RHP Narciso Umbelino
|
|
Batting: RHB Junro Kato
|
0-0: Called Strike 0-1: Called Strike 0-2: Strikes out swinging
|
|
Batting: RHB Ian Hornsby
|
0-0: Ball 1-0: Ball 2-0: Fly out, F7 (Flyball, 78M, EV 94.4 MPH)
|
|
Batting: RHB Jason Conner
|
0-0: Ground out 6-3 (Groundball, 6, EV 86.2 MPH)
|
| Bottom of the 5th over - 0 runs, 0 hits, 0 errors, 0 left on base; Americus 11 - Joplin 0 |
| TOP OF THE 6TH |
|
Americus Braves batting - Pitching for Joplin Blasters : LHP Tristan Irwin
|
|
Batting: RHB Manny Hensley
|
0-0: Ball 1-0: Called Strike 1-1: Foul Ball, location: 2F 1-2: Strikes out swinging
|
|
Batting: RHB Yutaka Yamane
|
0-0: Foul Ball, location: 2F 0-1: Ball 1-1: Foul Ball, location: 2F 1-2: Foul Ball, location: 2F 1-2: Ball 2-2: Foul Ball, location: 2F 2-2: Foul Ball, location: 2F 2-2: Ball 3-2: Base on Balls
|
|
Batting: LHB Diego Garcia
|
0-0: Called Strike 0-1: Foul Ball, location: 2F 0-2: Foul Ball, location: 2F 0-2: Grounds into double play, 4-6-3 (Groundball, 4, EV 88.1 MPH)
|
| Top of the 6th over - 0 runs, 0 hits, 0 errors, 0 left on base; Americus 11 - Joplin 0 |
| BOTTOM OF THE 6TH |
|
Joplin Blasters batting - Pitching for Americus Braves : RHP Narciso Umbelino
|
|
Batting: RHB Victor Maravilla
|
0-0: Called Strike 0-1: Called Strike 0-2: Strikes out swinging
|
|
Batting: RHB Bobby Leon
|
0-0: Fly out, F7 (Line Drive, 7LM, EV 105.0 MPH)
|
|
Batting: RHB Carlos Castillo
|
0-0: Swinging Strike 0-1: Foul Ball, location: 2F 0-2: Strikes out swinging
|
| Bottom of the 6th over - 0 runs, 0 hits, 0 errors, 0 left on base; Americus 11 - Joplin 0 |
| TOP OF THE 7TH |
|
Americus Braves batting - Pitching for Joplin Blasters : LHP Tristan Irwin
|
|
Batting: LHB Ivan Castillo
|
0-0: Ball 1-0: Ball 2-0: Foul Ball, location: 2F 2-1: Ball 3-1: DOUBLE (Line Drive, 7LM, EV 93.1 MPH)
|
|
Batting: RHB Paul Holland
|
0-0: Ball 1-0: Called Strike 1-1: Ball 2-1: Ball 3-1: SINGLE (Groundball, 5S, EV 75.0 MPH) (infield hit) Ivan Castillo to third
|
|
Batting: RHB Carlos Livas
|
0-0: Ball 1-0: Swinging Strike 1-1: SINGLE (Line Drive, 89S, EV 112.5 MPH) Ivan Castillo scores Paul Holland to second
|
|
Batting: RHB Costantino Dolfini
|
0-0: Ball 1-0: Ball 2-0: Ball 3-0: Called Strike 3-1: Base on Balls Paul Holland to third Carlos Livas to second
|
|
Batting: SHB Karl Starnes
|
0-0: Called Strike 0-1: Ball 1-1: Ball 2-1: Foul Ball, location: 2F 2-2: Foul Ball, location: 2F 2-2: Strikes out looking
|
|
Batting: RHB Jeremy Harden
|
0-0: Called Strike 0-1: Called Strike 0-2: Strikes out swinging
|
|
Batting: RHB Manny Hensley
|
0-0: Ball 1-0: Swinging Strike 1-1: Foul Ball, location: 2F 1-2: Strikes out looking
|
| Top of the 7th over - 1 run, 3 hits, 0 errors, 3 left on base; Americus 12 - Joplin 0 |
| BOTTOM OF THE 7TH |
|
Joplin Blasters batting - Pitching for Americus Braves : RHP Narciso Umbelino
|
|
Batting: RHB Mike Bearden
|
0-0: Ball 1-0: Called Strike 1-1: Ground out 6-3 (Groundball, 6M, EV 102.5 MPH)
|
|
Batting: SHB Bill Ertl
|
0-0: Ball 1-0: Called Strike 1-1: Swinging Strike 1-2: Fly out, F8 (Flyball, 78M, EV 91.2 MPH)
|
|
Batting: LHB Pablo Serrato
|
0-0: Ball 1-0: Swinging Strike 1-1: Foul Ball, location: 2F 1-2: Foul Ball, location: 2F 1-2: Strikes out swinging
|
| Bottom of the 7th over - 0 runs, 0 hits, 0 errors, 0 left on base; Americus 12 - Joplin 0 |
| TOP OF THE 8TH |
|
Americus Braves batting - Pitching for Joplin Blasters : LHP Tristan Irwin
|
|
Batting: RHB Yutaka Yamane
|
0-0: Swinging Strike 0-1: Swinging Strike 0-2: Ball 1-2: Strikes out swinging, 2-3 out at first.
|
|
Batting: LHB Diego Garcia
|
0-0: Ground out 1-3 (Groundball, 13S, EV 68.1 MPH)
|
|
Batting: LHB Ivan Castillo
|
0-0: Ball 1-0: Ball 2-0: Ball 3-0: Base on Balls
|
|
Batting: RHB Paul Holland
|
0-0: Ball 1-0: Swinging Strike 1-1: 2-RUN HOME RUN (Flyball, 7D, EV 96.9 MPH), Distance : 371 ft
|
|
Batting: RHB Carlos Livas
|
0-0: Fly out, F4 (Popup, 13, EV 76.2 MPH)
|
| Top of the 8th over - 2 runs, 1 hit, 0 errors, 0 left on base; Americus 14 - Joplin 0 |
| BOTTOM OF THE 8TH |
|
Joplin Blasters batting - Pitching for Americus Braves : RHP Narciso Umbelino
|
|
Batting: RHB Junro Kato
|
0-0: Ball 1-0: Ball 2-0: Foul Ball, location: 2F 2-1: Foul Ball, location: 2F 2-2: Ground out 6-3 (Groundball, 6, EV 83.8 MPH)
|
|
Batting: RHB Ian Hornsby
|
0-0: Called Strike 0-1: Ground out 6-3 (Groundball, 6, EV 86.2 MPH)
|
|
Batting: RHB Jason Conner
|
0-0: Called Strike 0-1: Ball 1-1: SINGLE (Groundball, 34S, EV 69.4 MPH) (infield hit)
|
|
Batting: RHB Victor Maravilla
|
0-0: Called Strike 0-1: Ball 1-1: Foul Ball, location: 2F 1-2: Ball 2-2: SINGLE (Flyball, 8LS, EV 95.0 MPH) Jason Conner to second Runner from 2nd tries for 3rd, SAFE, throw by CF made to third
|
|
Batting: RHB Bobby Leon
|
0-0: Ball Passed Ball! Jason Conner scores Victor Maravilla to second 1-0: Foul Ball, location: 2F 1-1: Ground out 4-3 (Groundball, 4, EV 89.4 MPH)
|
| Bottom of the 8th over - 1 run, 2 hits, 0 errors, 1 left on base; Americus 14 - Joplin 1 |
| TOP OF THE 9TH |
|
Americus Braves batting - Pitching for Joplin Blasters : LHP Tristan Irwin
|
|
Batting: RHB Costantino Dolfini
|
0-0: Called Strike 0-1: SOLO HOME RUN (Flyball, 7D, EV 98.8 MPH), Distance : 378 ft
|
|
Batting: SHB Karl Starnes
|
0-0: Ball 1-0: Foul Ball, location: 2F 1-1: Ball 2-1: Called Strike 2-2: Ball 3-2: Base on Balls
|
|
Batting: RHB Jeremy Harden
|
0-0: Ball 1-0: Swinging Strike 1-1: Ball 2-1: Ball 3-1: Called Strike 3-2: 2-RUN HOME RUN (Flyball, 7D, EV 98.8 MPH), Distance : 384 ft
|
|
Batting: RHB Manny Hensley
|
0-0: Ball 1-0: Called Strike 1-1: Foul Ball, location: 2F 1-2: Ball 2-2: Foul Ball, location: 2F 2-2: Foul Ball, location: 2F 2-2: Foul Ball, location: 2F 2-2: Ball 3-2: Foul Ball, location: 2F 3-2: Base on Balls
|
|
Batting: RHB Yutaka Yamane
|
0-0: Ball 1-0: SINGLE (Line Drive, 89S, EV 93.8 MPH) Manny Hensley to second
|
|
Batting: LHB Diego Garcia
|
0-0: Called Strike 0-1: Fly out, F7 (Flyball, 7, EV 92.5 MPH)
|
|
Batting: LHB Ivan Castillo
|
0-0: Ground out 4-3 (Groundball, 34D, EV 106.2 MPH) Manny Hensley to third Yutaka Yamane to second
|
|
Batting: RHB Paul Holland
|
0-0: Ball 1-0: Foul Ball, location: 2F 1-1: Called Strike 1-2: Strikes out swinging
|
| Top of the 9th over - 3 runs, 3 hits, 0 errors, 2 left on base; Americus 17 - Joplin 1 |
| BOTTOM OF THE 9TH |
|
Joplin Blasters batting - Pitching for Americus Braves : RHP Narciso Umbelino
|
|
Batting: RHB Carlos Castillo
|
0-0: Swinging Strike 0-1: Foul Ball, location: 2F 0-2: Ball 1-2: Strikes out swinging
|
|
Batting: RHB Mike Bearden
|
0-0: Ball 1-0: Ball 2-0: Called Strike 2-1: Fly out, F9 (Line Drive, 9, EV 106.2 MPH)
|
|
Batting: SHB Bill Ertl
|
0-0: Ball 1-0: Called Strike 1-1: Foul Ball, location: 2F 1-2: Foul Ball, location: 2F 1-2: Strikes out looking
|
| Bottom of the 9th over - 0 runs, 0 hits, 0 errors, 0 left on base; Americus 17 - Joplin 1 |
|